 Dungeon Crawl Stone Soup version 0.24.0-10-g970556be89 (console) character file.

Game seed: 6991570138394500114, levelgen mode: deterministic

101 AlterAsc the Slasher (level 4, -1/27 HPs)
             Began as a Tengu Gladiator on Nov 3, 2019.
             Succumbed to an orc's poison
             ... on level 3 of the Dungeon.
             The game lasted 00:04:14 (1660 turns).

AlterAsc the Slasher (Tengu Gladiator)              Turns: 1660, Time: 00:04:15

Health: -1/27      AC:  6    Str: 15    XL:     4   Next: 75%
Magic:  5/5        EV: 11    Int:  8    God:
Gold:   168        SH:  4    Dex: 16    Spells: 3/3 levels left

rFire    . . .     SeeInvis .   a - +0 long sword
rCold    + . .     Gourm    .   o - +0 buckler (curse)
rNeg     . . .     Faith    .   u - +0 scale mail {rC+}
rPois    .         Spirit   .   c - +0 hat
rElec    .         Reflect  .   (no cloak)
rCorr    +         Harm     .   (no gloves)
MR       .....                  (boots unavailable)
Stlth    ..........             (no amulet)
HPRegen  0.09/turn              s - ring of resist corrosion
MPRegen  0.09/turn              (no ring)

@: lethally poisoned (-1 -> -43)
A: beak, talons 3
a: no special abilities


You were on level 3 of the Dungeon.
You were not hungry.

You visited 1 branch of the dungeon, and saw 3 of its levels.

You collected 168 gold pieces.

Inventory:

Hand Weapons
 a - a +0 long sword (weapon)
Missiles
 d - 3 throwing nets (quivered)
Armour
 b - a +0 leather armour
 c - a +0 hat (worn)
 h - a +0 ring mail
 o - a cursed +0 buckler (worn)
 u - a +0 scale mail of cold resistance (worn)
Jewellery
 s - a ring of resist corrosion (left hand)
Scrolls
 e - 7 scrolls of teleportation {unknown}
 i - 2 scrolls of fear {unknown}
 j - 2 scrolls of identify {unknown}
 m - a scroll of random uselessness {unknown}
 n - a scroll of immolation {unknown}
 r - a scroll of remove curse {unknown}
Potions
 k - a potion of degeneration {unknown}
 l - a potion of haste {unknown}
 p - a potion of curing {unknown}
 q - a potion of mutation {unknown}
 t - a potion of ambrosia {unknown}
Comestibles
 f - 2 rations
 g - 3 chunks of flesh


   Skills:
 + Level 2.6 Fighting
 * Level 4.4 Long Blades
 - Level 2.1 Throwing
 + Level 1.4 Armour
 + Level 3.9 Dodging
 + Level 0.9 Shields


You had 3 spell levels left.
You didn't know any spells.
Your spell library contained the following spells:

 Spells                   Type           Power        Failure   Level  Hunger
 Beastly Appendage        Tmut           #.....       95%         1    ##.....
 Sticks to Snakes         Tmut           #.......     98%         2    ###....
 Spider Form              Tmut/Pois      #.........   100%        3    ####...
 Ice Form                 Ice/Tmut       #.......     100%        4    #####..
 Blade Hands              Tmut           #.........   100%        5    ######.


Dungeon Overview and Level Annotations

Branches:
Dungeon (3/15)

Altars:
The Shining One


Innate Abilities, Weirdness & Mutations

You have a beak for a mouth.
You have claws for feet.


Message History

You see here 2 poisoned darts.
You feel sick.
The orc throws a poisoned dart.
The poisoned dart hits you!
You are more poisoned.
You see here 3 poisoned darts.
You feel very sick.
The orc throws a poisoned dart.
You block the poisoned dart. You block the goblin's attack.
Found a short sword.
You see here a poisoned dart.
You feel very sick.
The orc throws a poisoned dart.
The poisoned dart hits you!
You are more poisoned.
You see here a poisoned dart.
* * * LOW HITPOINT WARNING * * *
You feel very sick. The orc hits you.
* * * LOW HITPOINT WARNING * * *
You block the goblin's attack.
You hit the orc but do no damage.
You die...

....... ###.##. ###.#
. ##### ##. #.. #
..## #.... .... #.#
#...##.#. .... #.#
......##.. #.#
....#.# #.# #...#.#
#.#############(@o.#
...........((((g...#
######...######.....#
##### #......#
#........ #..)......
#......##. #.....#.
....#.


You could see an orc and a goblin.

Vanquished Creatures
  5 adders
  An ooze (D:3)
  2 dart slugs
  3 leopard geckos
  2 orcs (D:3)
  8 bats
  4 giant cockroaches
  2 hobgoblins (D:1)
  2 quokkas
  3 frilled lizards
  2 goblins
  5 kobolds
  8 rats
47 creatures vanquished.

Notes
Turn   | Place    | Note
-------+----------+-------------------------------------------
     0 | D:1      | AlterAsc the Tengu Gladiator began the quest for the Orb.
     0 | D:1      | Reached XP level 1. HP: 12/12 MP: 2/2
    55 | D:1      | Reached XP level 2. HP: 17/17 MP: 3/3
   760 | D:2      | Reached XP level 3. HP: 21/21 MP: 4/4
   765 | D:2      | Found a glowing golden altar of the Shining One.
  1099 | D:2      | Reached skill level 4 in Long Blades
  1099 | D:2      | Reached skill level 1 in Armour
  1437 | D:3      | Reached XP level 4. HP: 27/27 MP: 5/5
  1660 | D:3      | Succumbed to an orc's poison

Levels and vault maps discovered:
D:1:      scummos_arrival_forest, layout_rooms
D:2:      minmay_door_path, layout_loops_cross, marbit_many_paths
D:3:      layout_rooms, chequers_serial_rivers_micro_e,
          minmay_misc_feat_nine_boxes, minmay_misc_feat_secret_circle,
          wad_floor_pattern_untrapped, grunt_ministairs_6,
          lexackson_kobold_supper

Skill      XL: |  1  2  3 |
---------------+----------+-----
Long Blades    | 4 |  4.4
Armour         | 1 |  1.4
Fighting       | |  2.6
Throwing       | |  2.1
Dodging        | |  3.9
Shields        | |  0.9

Action                   |  1- 3 |  4- 6 || total
-------------------------+-------+-------++-------
Melee: Long sword        |    58 |    32 ||    90
       Kick              |    13 |     9 ||    22
       Peck              |    10 |     6 ||    16
  Eat: Chunk             |     2 |       ||     2
Armor: Leather armour    |     5 |       ||     5
       Ring mail         |    13 |     4 ||    17
       Scale mail        |       |     1 ||     1
Dodge: Dodged            |    38 |    18 ||    56
Block: Buckler           |     3 |    13 ||    16
       Rpst.: Long sword |    18 |     6 ||    24
